 Dungeon Crawl Stone Soup version 0.21.1-1-g345015fe64 (webtiles) character file.

114 Oravi the Vandal (level 5, 0/51 HPs)
             Began as a Halfling Hunter on Apr 17, 2018.
             Slain by Sigmund
             ... wielding a +2 scythe of distortion
              (8 damage)
             ... on level 3 of the Dungeon.
             The game lasted 00:05:43 (1930 turns).

Oravi the Vandal (Halfling Hunter)                  Turns: 1930, Time: 00:05:44

Health: 0/51       AC:  4    Str: 18    XL:     5   Next: 18%
Magic:  5/5        EV: 12    Int:  9    God:
Gold:   187        SH: 12    Dex: 16    Spells: 4/4 levels left

rFire    . . .     SeeInvis .   b - +0 short sword
rCold    . . .     Gourm    .   g - +1 shield
rNeg     . . .     Faith    .   c - +0 leather armour
rPois    .         Spirit   .   (no helmet)
rElec    .         Reflect  +   (no cloak)
rCorr    .         Harm     .   (no gloves)
MR       .....                  u - +0 pair of boots
Stlth    ..........             j - +3 amulet of reflection
HPRegen  0.17/turn              (no ring)
MPRegen  0.09/turn              (no ring)

@: berserking, very quick
A: small, mutation resistance 1
a: no special abilities


You were on level 3 of the Dungeon.
You were not hungry.

You visited 1 branch of the dungeon, and saw 3 of its levels.

You collected 187 gold pieces.

Inventory:

Hand Weapons
 a - a +2 hunting sling
 b - a +0 short sword (weapon)
Missiles
 h - 6 sling bullets
 l - 119 stones (quivered)
Armour
 c - a +0 leather armour (worn)
 g - a +1 shield (worn)
 u - a +0 pair of boots (worn)
Jewellery
 j - a +3 amulet of reflection (around neck)
Scrolls
 e - a scroll of identify
 p - a scroll of random uselessness {unknown}
 r - a scroll of teleportation {unknown}
 s - a scroll of remove curse
 w - a scroll of fear {unknown}
 x - a scroll of enchant armour
Potions
 d - a potion of magic
 i - a potion of cancellation
 k - a potion of agility
 m - 2 potions of haste
 q - a potion of lignification {unknown}
 t - 2 potions of curing {unknown}
 v - a potion of invisibility {unknown}
Comestibles
 f - 5 rations
 o - 4 chunks of flesh


   Skills:
 + Level 2.1 Fighting
 * Level 1.9 Short Blades
 + Level 7.9 Slings
 + Level 0.8 Armour
 + Level 2.3 Dodging
 - Level 1.1 Stealth


You had 4 spell levels left.
You didn't know any spells.

Dungeon Overview and Level Annotations

Branches:
Dungeon (3/15)

Altars:

Annotations:
D:2 1 runed door
D:3 Sigmund


Innate Abilities, Weirdness & Mutations

You are small and have problems with some larger weapons.
You are somewhat resistant to further mutation.


Message History

Sigmund hits you from afar with a scythe of distortion!
* * * LOW HITPOINT WARNING * * *
Space bends around you.
* * * LOW HITPOINT WARNING * * *
Firing (i - inventory. (,) - cycle):
h - 6 sling bullets (quivered)
Press: ? - help, Shift-Dir - straight line, f/p - Sigmund
Aim: Sigmund, wielding a scythe of distortion and wearing a glowing robe (heavily wounded)
Okay, then.
It was a potion of berserk rage.
A red film seems to cover your vision as you go berserk!
You feel yourself moving faster!
You feel mighty! The adder closely misses you.
You are too berserk!
You are too injured to fight recklessly!
b - a +0 short sword (weapon)
You feel a strong urge to attack something.
You feel less confused.
You puncture the adder!
The adder is severely wounded.
Sigmund hits you from afar with a scythe of distortion!
You die...

+.#
......#....#.....#
#.#
......####.###...#
#.# ...........#
##### ..#
......#.#### .##
.......(# .#
........# <#
........### ##
..........#####
+######@S......
#(.......
#(.@(....
#!.......
.#....... .
....(.. . .......
.! ...(.(.


You could see Sigmund and an adder.

Vanquished Creatures
  Jessica (D:2)
  Robin (D:2)
  3 adders
  A worm (D:3)
  3 dart slugs
  A giant cockroach (D:1)
  9 goblins
  7 hobgoblins
  3 jackals (D:1)
  A kobold (D:2)
  A quokka (D:2)
  3 bats
  2 frilled lizards (D:2)
  3 rats
39 creatures vanquished.

Vanquished Creatures (others)
  A goblin (D:3)
1 creature vanquished.

Grand Total: 40 creatures vanquished

Notes
Turn   | Place    | Note
-------+----------+-------------------------------------------
     0 | D:1      | Oravi the Halfling Hunter began the quest for the Orb.
     0 | D:1      | Reached XP level 1. HP: 14/14 MP: 1/1
    30 | D:1      | Reached skill level 6 in Slings
   181 | D:1      | Reached XP level 2. HP: 19/19 MP: 2/2
   196 | D:1      | Reached skill level 1 in Short Blades
   868 | D:2      | Reached XP level 3. HP: 24/24 MP: 3/3
   924 | D:2      | Noticed Robin
   940 | D:2      | Killed Robin
   940 | D:2      | Reached skill level 7 in Slings
   947 | D:2      | Reached XP level 4. HP: 29/29 MP: 4/4
  1063 | D:2      | Found a runed door.
  1381 | D:2      | Noticed Jessica
  1386 | D:2      | Killed Jessica
  1611 | D:3      | Reached XP level 5. HP: 34/34 MP: 5/5
  1918 | D:3      | Noticed Sigmund
  1930 | D:3      | Slain by Sigmund

Skill      XL: |  1  2  3  4 |
---------------+-------------+-----
Slings         | 6 7 |  7.9
Short Blades   | 1 |  1.9
Fighting       | 2 |  2.1
Armour         | |  0.8
Dodging        | |  2.3
Stealth        | |  1.1

Action                   |  1- 3 |  4- 6 || total
-------------------------+-------+-------++-------
Melee: Short sword       |     3 |     1 ||     4
 Fire: Hunting sling     |    63 |    53 ||   116
  Use: Scroll            |     4 |     6 ||    10
       Potion            |       |     1 ||     1
  Eat: Chunk             |       |     3 ||     3
Armor: Leather armour    |     8 |       ||     8
Dodge: Dodged            |    21 |     2 ||    23
Block: Shield            |     3 |     6 ||     9
       Reflection        |       |     1 ||     1
